 Dungeon Crawl Stone Soup version 0.20.1-1-g8b1a95d (webtiles) character file.

8393 letownia2 the Reanimator (level 11, -2/129 HPs)
             Began as a Deep Dwarf Necromancer on Dec 27, 2017.
             Was an Initiate of Gozag.
             Slain by a troll (5 damage)
             ... on level 11 of the Dungeon.
             The game lasted 00:31:50 (9108 turns).

letownia2 the Reanimator (Deep Dwarf Necromancer)   Turns: 9108, Time: 00:31:50

Health: -2/129     AC: 21    Str: 13    XL:     11   Next: 9%
Magic:  2/33       EV:  2    Int: 20    God:    Gozag
Gold:   1321       SH:  0    Dex: 13    Spells: 15/28 levels left

rFire    . . .     SeeInvis .   a - +0 hand axe (elec)
rCold    . . .     Gourm    .   (no shield)
rNeg     + + +     Faith    .   (armour currently unavailable)
rPois    +         Spirit   .   (helmet currently unavailable)
rElec    .         Reflect  .   (cloak currently unavailable)
rCorr    .         Harm     .   (gloves currently unavailable)
MR       +....     NoTele   +   (boots currently unavailable)
Stlth    ++........             (no amulet)
Regen    0.0/turn               z - ring of magical power
MPRegen  0.3/turn               O - +2 ring of intelligence

@: tree-form, corroded, very slightly contaminated, non-regenerating
A: damage resistance, heal wounds, sense surroundings 2, no regeneration
a: Heal Wounds, Potion Petition, Call Merchant, Bribe Branch, Renounce Religion


You were on level 11 of the Dungeon.
You worshipped Gozag.
Gozag was most pleased with you.
You were not hungry.
You were a tree.
You visited 2 branches of the dungeon, and saw 12 of its levels.

You collected 1434 gold pieces.
You paid 113 gold pieces to Gozag.

Inventory:

Hand Weapons
 a - a +0 hand axe of electrocution (weapon)
 b - a +2 war axe of flaming
 j - a +0 blowgun
 u - a -1 vampiric glaive
 Q - a +2 war axe of draining
 S - a +0 battleaxe
Missiles
 k - 52 poisoned needles
 l - 5 curare-tipped needles
 R - 7 javelins of penetration (quivered)
Armour
 L - a +2 cloak (melded)
 M - a +0 pair of gloves (melded)
 T - a +0 ring mail of cold resistance (melded)
 W - a +2 chain mail of fire resistance
Jewellery
 z - a ring of magical power (left branch)
 G - a +3 ring of strength
 N - an uncursed ring of fire
 O - a +2 ring of intelligence (right branch)
 Z - an uncursed ring of see invisible
Wands
 s - a wand of digging (21/24)
 t - a wand of random effects (19/48)
 D - a wand of lightning (3/15)
 F - a wand of acid (1/15)
 K - a wand of polymorph (14/24)
 P - a wand of flame (32/48)
Scrolls
 d - 2 scrolls of fear {unknown}
 g - a scroll of noise {unknown}
 h - 4 scrolls of recharging {unknown}
 i - a scroll of identify
 n - 9 scrolls of teleportation
 o - 3 scrolls of remove curse {unknown}
 p - a scroll of immolation {unknown}
 r - a scroll of fog {unknown}
 w - 3 scrolls of random uselessness {unknown}
 I - 3 scrolls of amnesia {unknown}
 J - 4 scrolls of enchant weapon {unknown}
 U - a scroll of magic mapping {unknown}
Potions
 e - a potion of berserk rage
 f - 2 potions of heal wounds
 m - 2 potions of cancellation {unknown}
 q - 4 potions of might {unknown}
 v - 4 potions of curing
 x - a potion of invisibility
 y - a potion of magic
 A - 2 potions of ambrosia
 B - a potion of flight
 C - 4 potions of lignification
 E - a potion of degeneration
 H - 2 potions of mutation
 V - a potion of brilliance
 X - a potion of agility
Comestibles
 c - 7 bread rations
 Y - 7 fruits


   Skills:
 - Level 2.1 Fighting
 + Level 6.6 Axes
 - Level 2.5 Armour
 - Level 2.1 Dodging
 - Level 2.4 Stealth
 - Level 9.1 Spellcasting
 - Level 3.0 Conjurations
 - Level 9.8 Necromancy
 - Level 2.5 Translocations
 - Level 2.1 Fire Magic
 + Level 3.7 Air Magic
 - Level 2.5 Poison Magic
 - Level 2.3 Evocations


You had 15 spell levels left.
You knew the following spells:

 Your Spells              Type           Power        Failure   Level  Hunger
a - Pain                  Necr           ####         1%          1    None
b - Blink                 Tloc           N/A          4%          2    None
c - Conjure Flame         Conj/Fire      ###.....     8%          3    None
e - Mephitic Cloud        Conj/Pois/Air  ###.....     6%          3    None
v - Vampiric Draining     Necr           #####.....   1%          3    None
z - Summon Butterflies    Summ           #.......     8%          1    None


Dungeon Overview and Level Annotations

Branches:
Dungeon (11/15)            Temple (1/1) D:7            Lair (0/6) D:10
    Orc: D:9-12

Altars:
Ashenzari
Cheibriados
Dithmenos
Elyvilon
Fedhas
Gozag
Hepliaklqana
Kikubaaqudgha
Makhleb
Nemelex Xobeh
Okawaru
Qazlal
Ru
Sif Muna
Trog
Uskayaw
Vehumet
Xom
Yredelemnul
Zin
The Shining One

Shops:
D:5 (

Annotations:
D:3 Tiamon's ghost, novice DrEE
D:9 nightchill's ghost, novice TrMo


Innate Abilities, Weirdness & Mutations

You are resistant to damage.
You can heal yourself by infusing magical energy.
You passively map the area around you.
You do not regenerate.


Message History

The acid dragon barely misses you.
The acid dragon claws you but does no damage.
The troll bites you but does no damage. The troll claws you!
* * * LOW HITPOINT WARNING * * *
The troll claws you but does no damage.
Unknown command.
Unknown command.
It was a potion of lignification.
You turn into a tree.
Your +2 cloak melds into your body.
Your +0 pair of gloves melds into your body.
Your +0 ring mail of cold resistance melds into your body.
You feel less resistant to cold.
Your roots penetrate the ground.
The acid dragon spits acid at you. The splash of acid hits you!
The acid corrodes you!
You are splashed with acid!
The acid burns!
* * * LOW HITPOINT WARNING * * *
The troll bites you but does no damage. The troll barely misses you.
The troll claws you.
You die...
Your body crumbles into a pile of gold.

.........# #..(#
.........#####...#
............)....#
..............)(.#
..........T..()..#
..###D...######).#
.r# #....# #).#
..# #....# #.T#
..# #.)..# #.♣#
..# #....######D.#
..# #....D.......#
..# #../(........#
..###..........<.#
.................#
.................#
..####....(......#
..# #.....$.....#


You could see a troll and an acid dragon.

Vanquished Creatures
  Erolcha (D:11)
  Erica (D:10)
  Urug (D:10)
  Pikel (D:6)
  A kobold demonologist (D:11)
  A troll (D:11)
  A hippogriff (D:8)
  A wraith (D:10)
  3 wyverns
  A hungry ghost (D:11)
  2 wargs (D:10)
  Duvessa (D:5)
  A water moccasin (D:8)
  An ice beast (D:6)
  4 orc warriors
  4 sky beasts
  3 black bears
  4 slaves
  3 wolves (D:8)
  4 ogres
  2 centaurs (D:6)
  2 crocodiles
  3 big kobolds (D:11)
  Blork the orc (D:5)
  2 bullfrogs
  A scorpion (D:4)
  Dowan (D:5)
  2 howler monkeys (D:10)
  7 crimson imps
  2 centaur zombies
  2 hounds
  4 jellies
  5 orc priests
  10 orc wizards
  A bullfrog skeleton (D:8)
  An iguana (D:5)
  10 worker ants
  2 worker ant zombies
  7 adders
  4 shadow imps
  A white imp (D:7)
  4 oozes
  A worm (D:2)
  8 leopard geckos
  28 orcs
  2 ball pythons
  4 giant cockroaches
  8 goblins
  3 hobgoblins
  5 jackals
  3 quokkas
  3 bats
  5 frilled lizards
  17 kobolds
  2 quokka skeletons
  6 rats
208 creatures vanquished.

Notes
Turn   | Place    | Note
-------+----------+-------------------------------------------
     0 | D:1      | letownia2 the Deep Dwarf Necromancer began the quest for the Orb.
     0 | D:1      | Reached XP level 1. HP: 15/15 MP: 3/3
   481 | D:3      | Reached XP level 2. HP: 16/22 MP: 0/5
   695 | D:3      | Noticed Tiamon's ghost (novice DrEE)
   799 | D:3      | Reached skill level 5 in Necromancy
  1028 | D:4      | Noticed a scorpion
  1051 | D:4      | Killed a scorpion
  1051 | D:4      | Reached XP level 3. HP: 20/28 MP: 0/6
  1051 | D:4      | Reached XP level 4. HP: 26/36 MP: 0/7
  1056 | D:4      | Learned a level 3 spell: Vampiric Draining
  1348 | D:4      | Reached XP level 5. HP: 23/42 MP: 2/8
  1609 | D:4      | Found a shadowy altar of Dithmenos.
  1609 | D:4      | Found a white marble altar of Elyvilon.
  1609 | D:4      | Found a blossoming altar of Fedhas.
  1932 | D:5      | Entered Level 5 of the Dungeon
  2081 | D:5      | Reached XP level 6. HP: 47/49 MP: 10/10
  2271 | D:5      | Found Taetireng's Weapon Shop.
  2331 | D:5      | Noticed Dowan
  2333 | D:5      | Noticed Duvessa
  2369 | D:5      | Killed Dowan
  2375 | D:5      | Killed Duvessa
  2375 | D:5      | Reached XP level 7. HP: 28/55 MP: 9/11
  2412 | D:5      | Found a shadowy altar of Dithmenos.
  2453 | D:5      | Noticed Blork the orc
  2516 | D:5      | Killed Blork the orc
  2516 | D:5      | Reached skill level 1 in Axes
  2998 | D:5      | Noticed Pikel
  3113 | D:6      | Found a shattered altar of Ashenzari.
  3262 | D:6      | Reached XP level 8. HP: 57/62 MP: 9/14
  3394 | D:6      | Reached skill level 1 in Armour
  3582 | D:7      | Reached skill level 1 in Fighting
  3761 | D:7      | Reached skill level 5 in Axes
  3977 | D:7      | Found a staircase to the Ecumenical Temple.
  3988 | Temple   | Entered the Ecumenical Temple
  4075 | Temple   | Became a worshipper of Gozag Ym Sagoz the Greedy
  4109 | D:7      | Reached skill level 5 in Spellcasting
  4931 | D:6      | Killed Pikel
  4931 | D:6      | Gained mutation: You passively map the area around you. [Deep Dwarf growth]
  4931 | D:6      | Reached XP level 9. HP: 67/73 MP: 18/18
  5643 | D:2      | Found a sacrificial altar of Ru.
  6496 | D:8      | Found a bloodstained altar of Trog.
  6521 | D:8      | Noticed Grum
  6547 | D:8      | Noticed Grum
  6547 | D:8      | Grum changed into Grum the ooze
  6578 | D:8      | Reached skill level 1 in Evocations
  6611 | D:8      | Killed Grum the ooze
  7498 | D:9      | Noticed nightchill's ghost (novice TrMo)
  7523 | D:8      | Reached XP level 10. HP: 51/80 MP: 16/23
  7996 | D:9      | Learned a level 3 spell: Conjure Flame
  8000 | D:9      | Learned a level 3 spell: Mephitic Cloud
  8003 | D:9      | Learned a level 2 spell: Blink
  8008 | D:10     | Entered Level 10 of the Dungeon
  8136 | D:10     | Reached skill level 1 in Conjurations
  8136 | D:10     | Reached skill level 1 in Translocations
  8136 | D:10     | Reached skill level 1 in Fire Magic
  8153 | D:10     | Reached skill level 1 in Air Magic
  8180 | D:10     | Reached skill level 1 in Poison Magic
  8400 | D:10     | Found a staircase to the Lair.
  8420 | D:10     | Noticed Erica
  8445 | D:10     | Killed Erica
  8677 | D:10     | Noticed Urug
  8715 | D:10     | Killed Urug
  8857 | D:11     | Noticed Erolcha
  8877 | D:11     | Killed Erolcha
  8877 | D:11     | Reached XP level 11. HP: 49/86 MP: 0/24
  8961 | D:11     | Learned a level 1 spell: Summon Butterflies
  8964 | D:11     | Found a sacrificial altar of Ru.
  9108 | D:11     | HP: 3/129 [acid (13)]
  9108 | D:11     | Slain by a troll

Skill      XL: |  1  2  3  4  5  6  7  8  9 10 |
---------------+-------------------------------+-----
Spellcasting   | 2 3 4 6 9 |  9.1
Necromancy     | 5 6 7 8 9 |  9.8
Axes           | 4 5 6 |  6.6
Armour         | 2 |  2.5
Fighting       | 2 |  2.1
Evocations     | 2 |  2.3
Conjurations   | 3 |  3.0
Translocations | 2 |  2.5
Fire Magic     | 2 |  2.1
Air Magic      | 3 |  3.7
Poison Magic   | 2 |  2.5
Dodging        | |  2.1
Stealth        | |  2.4

Action                   |  1- 3 |  4- 6 |  7- 9 | 10-12 || total
-------------------------+-------+-------+-------+-------++-------
Melee: Short sword       |     5 |       |       |       ||     5
       Mace              |       |    16 |     4 |       ||    20
       Unarmed           |       |    14 |       |       ||    14
       War axe           |       |     1 |   155 |       ||   156
       Hand axe          |       |       |    17 |   119 ||   136
 Cast: Pain              |    36 |    37 |    83 |     1 ||   157
       Vampiric Draining |       |    13 |   118 |    54 ||   185
       Mephitic Cloud    |       |       |       |    13 ||    13
       Conjure Flame     |       |       |       |     4 ||     4
Evoke: Wand              |       |       |     4 |    16 ||    20
  Use: Scroll            |       |       |     1 |    12 ||    13
       Potion            |       |       |       |     1 ||     1
 Stab: Confused          |       |     1 |       |     9 ||    10
       Distracted        |       |       |     1 |     1 ||     2
       Sleeping          |       |       |     1 |       ||     1
  Eat: Chunk             |     1 |     6 |    12 |       ||    19
       Meat ration       |       |       |     2 |       ||     2
       Bread ration      |       |       |     1 |     1 ||     2
Armor: Robe              |     1 |       |       |       ||     1
       Ring mail         |     5 |     7 |   118 |    69 ||   199
       Skin              |       |     1 |       |     1 ||     2
Dodge: Dodged            |    12 |    34 |   171 |    78 ||   295
